 Dungeon Crawl Stone Soup version 0.24-a0-537-g2d01d4a (webtiles) character file.

Game seed: 1894668455720511008

23 robbits the Caller (level 2, 0/20 HPs)
             Began as a Mummy Summoner on Aug 13, 2019.
             Slain by an adder (3 damage)
             ... on level 2 of the Dungeon.
             The game lasted 00:02:06 (2446 turns).

robbits the Caller (Mummy Summoner)                 Turns: 2446, Time: 00:02:06

Health: 0/20       AC:  2    Str: 11    XL:     2   Next: 75%
Magic:  4/6        EV: 12    Int: 14    God:
Gold:   43         SH:  0    Dex: 12    Spells: 6/7 levels left

rFire    x x .     SeeInvis .   (no weapon)
rCold    + + .     Gourm    .   (no shield)
rNeg     + + +     Faith    .   a - +0 robe
rPois    ∞         Spirit   .   (no helmet)
rElec    .         Reflect  .   (no cloak)
rCorr    .         Harm     .   (no gloves)
MR       .....                  (no boots)
Stlth    ++........             (no amulet)
HPRegen  0.06/turn              g - ring of ice
MPRegen  0.10/turn              (no ring)

@: no status effects
A: no food or potions, fire vulnerability, cold resistance 1, negative energy
resistance 3, torment resistance, unbreathing
a: no special abilities


You were on level 2 of the Dungeon.
You were not hungry.

You visited 1 branch of the dungeon, and saw 2 of its levels.

You collected 43 gold pieces.

Inventory:

Missiles
 c - 11 poisoned darts (quivered)
Armour
 a - a +0 robe (worn)
 e - a +0 cloak
Jewellery
 g - a ring of ice (left hand)
Scrolls
 b - 3 scrolls of remove curse {unknown}
 d - 2 scrolls of identify {unknown}
 f - a scroll of fog {unknown}


   Skills:
 + Level 0.7 Fighting
 + Level 1.8 Dodging
 - Level 1.8 Stealth
 + Level 3.0 Spellcasting
 * Level 3.5 Summonings


You had 6 spell levels left.
You knew the following spells:

 Your Spells              Type           Power        Failure   Level  Hunger
a - Summon Small Mammal   Summ           ##..         4%          1    N/A

Your spell library contained the following spells:

 Spells                   Type           Power        Failure   Level  Hunger
 Call Imp                 Summ           ##......     8%          2    N/A
 Call Canine Familiar     Summ           ##......     16%         3    N/A
 Summon Guardian Golem    Hex/Summ       #.......     30%         3    N/A
 Summon Ice Beast         Ice/Summ       ##......     71%         4    N/A
 Summon Lightning Spire   Summ/Air       #.......     71%         4    N/A

Dungeon Overview and Level Annotations

Branches:
Dungeon (1/15)

Altars:


Innate Abilities, Weirdness & Mutations

You do not eat or drink.
Your flesh is vulnerable to fire.
You are immune to poison.
Your flesh is cold resistant. (rC+)
You are immune to negative energy. (rN+++)
You are immune to unholy pain and torment.
You can survive without breathing.


Message History

You miss the adder.
The adder is heavily wounded.
The adder bites you. x2
You barely miss the adder.
The adder is heavily wounded.
The adder bites you.
You barely miss the adder.
The adder is heavily wounded.
The adder bites you.
* * * LOW HITPOINT WARNING * * *
The adder misses you.
Casting: Summon Small Mammal (safe; 4% risk of failure)
Confirm with . or Enter, or press ? or * to list all spells.
The adder bites you but does no damage.
Your quokka misses the adder. Your quokka misses the adder.
The adder barely misses you.
Casting: Summon Small Mammal (safe; 4% risk of failure)
Confirm with . or Enter, or press ? or * to list all spells.
Your quokka bites the adder.
The adder bites you.
You die...

#..## ##.......## #...#.
#.## ##.....## #.#.#. #.#
##...## #.#..( #. ##+##
#.###. #. ## #. #..... ..
#.# #####. #. ###.## #. #.
##....## #.
#####.####@#....##########.
#.......bS###..............
#.###.##r## ##...##########
#...## #.....# ####.##
#.....# #..###.....#
######.#.#.....##
..............##
######.###.#.#


You could see an adder, a friendly quokka and a friendly bat.

Vanquished Creatures
  A leopard gecko (D:2)
  3 goblins (D:1)
  A hobgoblin (D:1)
  2 kobolds (D:1)
  A bat (D:2)
  3 frilled lizards
  8 rats
19 creatures vanquished.

Vanquished Creatures (collateral kills)
  A dart slug (D:1)
  A bat (D:1)
  2 goblins (D:1)
  A frilled lizard (D:1)
  A kobold (D:1)
6 creatures vanquished.

Grand Total: 25 creatures vanquished

Notes
Turn   | Place    | Note
-------+----------+-------------------------------------------
     0 | D:1      | robbits the Mummy Summoner began the quest for the Orb.
     0 | D:1      | Reached XP level 1. HP: 13/13 MP: 4/4
  1068 | D:1      | Reached XP level 2. HP: 9/20 MP: 5/5
  2138 | D:1      | You fall into a shaft and drop 1 floor!
  2446 | D:2      | Slain by an adder

Levels and vault maps discovered:
D:1:      dpeg_arrival_shrine, layout_loops_cross, minmay_tetromino_s2
D:2:      layout_loops_corners, first_ration, uniq_terence,
          uniq_crazy_yiuf_cottage

Skill      XL: |  1  2 |
---------------+-------+-----
Spellcasting   | 3 |  3.0
Fighting       | |  0.7
Dodging        | |  1.8
Stealth        | |  1.8
Summonings     | |  3.5

Action                   || total
-------------------------++-------
Melee: Unarmed           ||   142
 Cast: Summon Small Mamm ||    16
 Stab: Sleeping          ||     6
Armor: Robe              ||    27
Dodge: Dodged            ||   105

Table legend:
 A = Non-vault XP
 B = Vault XP
 C = Vault XP percentage of total XP
 D = Non-vault monster count
 E = Vault monster count
 F = Vault count percentage of total count
                 A         B        C        D         E       F
            +---------+---------+-------+---------+---------+-------
      Total |      33 |       1 |   2.9 |      24 |       1 |   4.0
            +---------+---------+-------+---------+---------+-------
        D:1 |      26 |       1 |   3.7 |      19 |       1 |   5.0
        D:2 |       7 |       0 |   0.0 |       5 |       0 |   0.0
            +---------+---------+-------+---------+---------+-------
